 Dungeon Crawl Stone Soup version 0.25-a0-591-g2ad0d86 (webtiles) character file.

Game seed: 4172633512380711237, levelgen mode: deterministic

7354 Faca the Slinger (level 11, -1/80 HPs)
             Began as a Halfling Hunter on Mar 14, 2020.
             Was a Priest of Okawaru.
             Slain by a shadow (27 damage)
             ... on level 10 of the Dungeon.
             The game lasted 00:28:20 (13870 turns).

Faca the Slinger (Halfling Hunter)                 Turns: 13870, Time: 00:28:21

Health: -1/80      AC: 10    Str: 16    XL:     11   Next: 35%
Magic:  11/11      EV: 19    Int:  9    God:    Okawaru [***...]
Gold:   551        SH:  6    Dex: 22    Spells: 10/10 levels left

rFire    + . .     SeeInvis .   a - +2 hunting sling
rCold    . . .     Gourm    .   l - +1 buckler
rNeg     . . .     Faith    .   b - +1 ring mail {rF+}
rPois    .         Spirit   .   t - +1 hat
rElec    .         Reflect  .   y - +1 cloak {MR+}
rCorr    .         Harm     .   z - +0 pair of gloves
MR       +....                  (no boots)
Stlth    ++........             (no amulet)
HPRegen  0.23/turn              o - +6 ring of dexterity
MPRegen  0.12/turn              g - +2 ring of evasion

@: no status effects
A: small, mutation resistance 1
a: Heroism, Renounce Religion


You were on level 10 of the Dungeon.
You worshipped Okawaru.
Okawaru was most pleased with you.
You were not hungry.

You visited 2 branches of the dungeon, and saw 12 of its levels.

You collected 551 gold pieces.

Inventory:

Hand Weapons
 a - a +2 hunting sling (weapon)
 v - a +1 short sword
Missiles
 d - 175 sling bullets
 e - 49 poisoned darts
 i - 278 stones (quivered)
Armour
 b - a +1 ring mail of fire resistance (worn)
 l - a +1 buckler (worn)
 t - a +1 hat (worn)
 y - a +1 cloak of magic resistance (worn)
 z - a +0 pair of gloves (worn)
Jewellery
 g - a +2 ring of evasion (right hand)
 o - a +6 ring of dexterity (left hand)
Wands
 c - a wand of digging (7)
 u - a wand of scattershot (6)
 w - a wand of disintegration (13)
Scrolls
 k - 9 scrolls of remove curse
 m - a scroll of enchant weapon
 p - a scroll of enchant armour
 x - a scroll of fog
Potions
 h - 2 potions of ambrosia
 j - 2 potions of heal wounds
 n - 2 potions of haste
 q - a potion of invisibility
 r - 2 potions of mutation
 s - 2 potions of lignification
 A - a potion of might
 B - a potion of cancellation
Comestibles
 f - 16 rations


   Skills:
 + Level 9.0 Fighting
 - Level 10.0 Short Blades
 + Level 14.0 Slings
 + Level 0.6 Armour
 + Level 6.2 Dodging
 - Level 1.1 Stealth
 + Level 0.5 Invocations


You had 10 spell levels left.
You didn't know any spells.
Your spell library was empty.

Dungeon Overview and Level Annotations

Branches:
Dungeon (11/15)            Temple (1/1) D:5             Orc (0/2) D:11
   Lair: D:8-11

Altars:
Cheibriados
Dithmenos
Fedhas
Kikubaaqudgha
Makhleb
Nemelex Xobeh
Okawaru
Qazlal
Sif Muna
Trog
Wu Jian
Xom
Zin
The Shining One

Annotations:
D:5 2 transporters, Zeldest's ghost, amateur DDFi
D:6 Harold
D:7 1 runed translucent door, tyvek's ghost, novice OpTm


Innate Abilities, Weirdness & Mutations

You are small and have problems with some larger weapons.
You are somewhat resistant to further mutation.


Message History

You shoot a stone.
The stone hits the shadow but does no damage.
The shadow is severely damaged.
The shadow misses you.
Firing (i - inventory. (/) - cycle)
i - 279 stones (quivered)
Press: ? - help, Shift-Dir - straight line, f/p - shadow
Aim: a shadow (severely damaged)
You shoot a stone. The stone hits the shadow.
The shadow is almost destroyed.
The shadow slips into darkness.
The shadow flickers and vanishes!
Deactivating autopickup; reactivate with Ctrl-A.
Firing (i - inventory. (/) - cycle)
i - 278 stones (quivered)
Press: ? - help, Shift-Dir - straight line, f - you Really target yourself?
Okay, then.
Things that are here:
a +0 plate armour; a cursed +0 hand axe The shadow strikes at you from the darkness!
You die...

...## ###...........# ....##
####....##..# .....#
######.#......## #.#..######
#......#.###...# ..........#
#....).#.# ##..# ..........#
#....)...# #..## .#........#
#....).### #..# .#........#
#......#####..###
.#........######@.....#........#
.#...(.....(.##......##......>.#
.#........##)[.......##........#
.#........##.........##........#
.#........#..#.......##........#
............###......##........#
..########..# #......##........#
..# #### #......##........# ..#
#......###########


There were no monsters in sight!

Vanquished Creatures
  Joseph (D:9)
  2 centaur skeletons
  Prince Ribbit (D:8)
  3 hippogriffs
  6 yaks (D:9)
  3 wraiths (D:8)
  A hungry ghost (D:9)
  Menkaure (D:7)
  Edmund (D:6)
  A water moccasin (D:7)
  2 sky beasts
  3 orc warriors
  2 phantoms
  A black bear (D:7)
  An ice beast (D:10)
  7 ogres
  3 centaurs
  Blork the orc (D:6)
  A big kobold (D:10)
  2 crocodiles
  6 bullfrogs
  A gnoll sergeant (D:9)
  2 scorpions
  4 killer bees (D:9)
  4 wights (D:7)
  4 howler monkeys
  2 crimson imps
  6 orc priests
  3 hounds
  Crazy Yiuf (D:7)
  2 jellies
  3 orc wizards
  A bullfrog skeleton (D:10)
  2 iguanas
  9 worker ants
  Natasha (thrice) (D:4)
  2 hound skeletons
  A worker ant zombie (D:9)
  8 gnolls
  5 adders
  2 river rats (D:4)
  2 shadow imps
  3 oozes
  An adder zombie (D:3)
  2 worms (D:4)
  2 adder skeletons
  3 dart slugs
  4 leopard geckos
  37 orcs
  5 giant cockroaches
  6 goblins
  8 hobgoblins
  21 jackals
  5 kobolds
  2 quokkas
  4 ball pythons
  5 bats
  4 frilled lizards
  A leopard gecko skeleton (D:5)
  3 rats
232 creatures vanquished.

Notes
Turn   | Place    | Note
-------+----------+-------------------------------------------
     0 | D:1      | Faca the Halfling Hunter began the quest for the Orb.
     0 | D:1      | Reached XP level 1. HP: 14/14 MP: 1/1
   533 | D:1      | Reached skill level 6 in Slings
   554 | D:1      | Reached XP level 2. HP: 15/19 MP: 2/2
   954 | D:1      | Reached XP level 3. HP: 19/25 MP: 3/3
  2007 | D:2      | Reached XP level 4. HP: 30/30 MP: 4/4
  2078 | D:2      | Found an ornate altar of the Wu Jian Council.
  2307 | D:3      | Reached skill level 1 in Short Blades
  2307 | D:3      | Reached skill level 7 in Slings
  2478 | D:3      | Reached XP level 5. HP: 17/36 MP: 5/5
  3638 | D:4      | Noticed a phantom
  3663 | D:3      | Reached XP level 6. HP: 28/42 MP: 6/6
  4120 | D:3      | Reached skill level 8 in Slings
  4348 | D:4      | Reached XP level 7. HP: 21/48 MP: 7/7
  4554 | D:4      | Found a shimmering altar of Xom.
  4556 | D:4      | Noticed an angel
  4733 | D:4      | Noticed Natasha
  4739 | D:4      | Killed Natasha
  5076 | D:4      | Noticed a hippogriff
  5085 | D:4      | Killed a hippogriff
  5085 | D:4      | Reached skill level 9 in Slings
  5178 | D:4      | Found a glowing silver altar of Zin.
  5212 | D:4      | Noticed Natasha
  5231 | D:4      | Killed Natasha
  5231 | D:4      | Reached XP level 8. HP: 46/54 MP: 8/8
  5246 | D:4      | Noticed Natasha
  5250 | D:4      | Killed Natasha
  5286 | D:5      | Entered Level 5 of the Dungeon
  5300 | D:5      | Reached skill level 5 in Short Blades
  5490 | D:5      | Found a transporter.
  5532 | D:5      | Reached skill level 5 in Fighting
  6071 | D:5      | Reached skill level 10 in Slings
  6136 | D:5      | Found a staircase to the Ecumenical Temple.
  6153 | Temple   | Entered the Ecumenical Temple
  6164 | Temple   | Became a worshipper of Warmaster Okawaru
  6481 | D:5      | Found a transporter.
  6482 | D:5      | Noticed Zeldest's ghost (amateur DDFi)
  6837 | D:6      | Noticed Blork the orc
  6847 | D:6      | Killed Blork the orc
  6847 | D:6      | Reached XP level 9. HP: 62/62 MP: 9/9
  6928 | D:6      | Found a shadowy altar of Dithmenos.
  6973 | D:6      | Reached * piety under Okawaru
  7059 | D:6      | Found a blossoming altar of Fedhas.
  7119 | D:6      | Reached skill level 11 in Slings
  7356 | D:6      | Noticed Edmund
  7372 | D:6      | Killed Edmund
  7790 | D:7      | Noticed Harold
  7890 | D:7      | Found a runed translucent door.
  7905 | D:7      | Noticed tyvek's ghost (novice OpTm)
  8901 | D:7      | Noticed Menkaure
  8906 | D:7      | Killed Menkaure
  8977 | D:7      | Reached ** piety under Okawaru
  9298 | D:7      | Reached skill level 12 in Slings
  9298 | D:7      | Reached XP level 10. HP: 71/71 MP: 10/10
  9506 | D:7      | Found a runed translucent door.
  9507 | D:7      | Noticed Crazy Yiuf
  9517 | D:7      | Killed Crazy Yiuf
  9926 | D:8      | Noticed Prince Ribbit
  9949 | D:8      | Killed Prince Ribbit
  9997 | D:8      | Found a shimmering blue altar of Sif Muna.
  9997 | D:8      | Found a burning altar of Makhleb.
 10209 | D:8      | Found the +5 scythe "Finisher" {speed, eviscerate}
 11494 | D:9      | Found an ancient bone altar of Kikubaaqudgha.
 11573 | D:9      | Noticed Joseph
 11612 | D:9      | Killed Joseph
 11612 | D:9      | Reached skill level 13 in Slings
 12101 | D:9      | Reached *** piety under Okawaru
 12101 | D:9      | Reached skill level 10 in Short Blades
 12440 | D:9      | Found a stormy altar of Qazlal.
 12479 | D:9      | Reached XP level 11. HP: 78/78 MP: 11/11
 12491 | D:9      | Received a gift from Okawaru
 12510 | D:9      | Reached skill level 5 in Dodging
 13003 | D:9      | Found a glowing golden altar of the Shining One.
 13176 | D:10     | Entered Level 10 of the Dungeon
 13259 | D:10     | Reached skill level 14 in Slings
 13603 | D:10     | Received a gift from Okawaru
 13799 | D:11     | Found a staircase to the Orcish Mines.
 13870 | D:10     | Slain by a shadow

Levels and vault maps discovered:
D:1:      dpeg_arrival_shrine, layout_basic
D:2:      layout_rooms, nicolae_overflow_crystal_walls
D:3:      cheibrodos_old_hovel, layout_loops_cross, first_ration,
          corexii_hall_statues_deadend, minmay_misc_feat_pillars
D:4:      layout_rooms, grunt_temple_overflow_order_and_chaos_1,
          portal_sewer_entry_a, uniq_natasha
D:5:      layout_cave_pools, minmay_temple_entry_statues_fountains,
          gammafunk_ghost_mausoleum
D:6:      layout_layer_cave, grunt_dithmenos_smoke_and_mirrors,
          fedhas_bush_and_centaur_altar, uniq_edmund, uniq_blork_the_orc
D:7:      layout_cave_pools, ebering_ghost_reflecting_pool, roderic_malta_cross,
          grunt_ogre_cave, minmay_tree_intersection, minmay_misc_feat_encased,
          uniq_crazy_yiuf_cottage, uniq_menkaure, uniq_harold
D:8:      layout_gridville, amethyst_overflow_temple_binary,
          minmay_guarded_unrand_finisher, uniq_prince_ribbit1
D:9:      layout_big_octagon, lemuel_crystal_altar, tso_altar,
          nicolae_qazlal_eye_of_the_storm, uniq_joseph
D:10:     layout_rooms
D:11:     layout_irregular_city, dpeg_lair_monsters, david_orc_2, nrook_campfire
Temple:   nicolae_temple_god_jail

Skill      XL: |  1  2  3  4  5  6  7  8  9 10 11 |
---------------+----------------------------------+-----
Slings         | 6 7 8 9 10 12 13 14 | 14.0
Fighting       | 2 3 4 5 7 8 9 |  9.0
Short Blades   | 1 2 3 4 6 8 10 | 10.0
Dodging        | 4 6 |  6.2
Armour         | |  0.6
Stealth        | |  1.1
Invocations    | |  0.5

Action                   |  1- 3 |  4- 6 |  7- 9 | 10-12 || total
-------------------------+-------+-------+-------+-------++-------
Melee: Short sword       |   122 |   227 |   283 |   286 ||   918
 Fire: Hunting sling     |       |     5 |   255 |   411 ||   671
Invok: Heroism           |       |       |     2 |    14 ||    16
  Use: Scroll            |     4 |     6 |     6 |     5 ||    21
       Potion            |       |       |     2 |     4 ||     6
 Stab: Sleeping          |     1 |     2 |       |       ||     3
       Distracted        |       |       |       |     1 ||     1
  Eat: Chunk             |     3 |     8 |     9 |    10 ||    30
       Ration            |       |       |     2 |     1 ||     3
Armor: Leather armour    |    29 |    23 |       |       ||    52
       Scale mail        |       |    28 |    99 |       ||   127
       Ring mail         |       |       |       |    69 ||    69
Dodge: Dodged            |    76 |   135 |   201 |   277 ||   689
Block: Buckler           |    14 |    58 |    87 |   140 ||   299

Table legend:
 A = Non-vault XP
 B = Vault XP
 C = Vault XP percentage of total XP
 D = Non-vault monster count
 E = Vault monster count
 F = Vault count percentage of total count
                 A         B        C        D         E       F
            +---------+---------+-------+---------+---------+-------
      Total |    8309 |    2197 |  20.9 |     211 |      21 |   9.1
            +---------+---------+-------+---------+---------+-------
        D:1 |      45 |       0 |   0.0 |      22 |       0 |   0.0
        D:2 |      35 |       0 |   0.0 |      12 |       0 |   0.0
        D:3 |     261 |      42 |  13.9 |      28 |       1 |   3.4
        D:4 |     599 |      63 |   9.5 |      17 |       4 |  19.0
        D:5 |     749 |       0 |   0.0 |      25 |       0 |   0.0
        D:6 |     623 |     375 |  37.6 |       7 |       3 |  30.0
        D:7 |    1074 |     331 |  23.6 |      19 |       3 |  13.6
        D:8 |     814 |     890 |  52.2 |      21 |       4 |  16.0
        D:9 |    3015 |     481 |  13.8 |      42 |       1 |   2.3
       D:10 |    1094 |       3 |   0.3 |      18 |       1 |   5.3
       D:11 |       0 |      12 | 100.0 |       0 |       4 | 100.0
            +---------+---------+-------+---------+---------+-------
